 Dungeon Crawl Stone Soup version 0.27-a0-1147-gb3d8e82157 (webtiles) character file.

Game seed: 5079814435889830358

3525 Froggeryz the Martial Artist (level 10, -4/63 HPs)
             Began as an Octopode Transmuter on May 12, 2021.
             Was a Follower of Cheibriados.
             Killed from afar by a manticore (15 damage)
             ... with a volley of spikes
             ... on level 7 of the Dungeon.
             The game lasted 00:11:41 (6056 turns).

Froggeryz the Martial Artist (Octopode Transmuter)  Turns: 6056, Time: 00:11:41

Health: -4/63      AC:  2    Str: 13    XL:     10   Next: 8%
Magic:  10/13      EV: 21    Int: 19    God:    Cheibriados [*.....]
Gold:   1361       SH:  0    Dex: 23    Spells: 9/13 levels left

rFire    . . .     SeeInvis .     - Unarmed
rCold    . . .     Faith    .   (shield currently unavailable)
rNeg     . . .     Spirit   .   (helmet currently unavailable)
rPois    x         Reflect  .   l - amulet of regeneration
rElec    .         Harm     .   (no ring)
rCorr    .         Rampage  .   (no ring)
Will     .....                  (no ring)
Stlth    ++........             (no ring)
HPRegen  1.20/turn              (no ring)
MPRegen  0.13/turn              (no ring)
                                (no ring)
                                (no ring)

@: about to teleport, spider-form (expiring), spiked, studying Bows, very slow
A: venomous fangs, almost no armour, (amphibious), 8 rings, tiny, (camouflage
1), (gelatinous body 1), (nimble swimmer 1), (tentacles)
a: End Transformation, Renounce Religion, Bend Time


You were on level 7 of the Dungeon.
You worshipped Cheibriados.
Cheibriados was aware of your devotion.
You were a venomous arachnid creature.
You visited 2 branches of the dungeon, and saw 8 of its levels.
You also visited: Ossuary.

You collected 1361 gold pieces.

Inventory:

Missiles
 v - a throwing net
 w - 7 atropa-tipped darts
Armour
 n - a +0 hat (melded)
Jewellery
 l - an amulet of regeneration (around neck)
Wands
 c - a wand of paralysis (7)
 i - a wand of flame (19)
Scrolls
 b - a scroll of fear {unknown}
 e - 2 scrolls of enchant armour {unknown}
 g - 2 scrolls of fog {unknown}
 j - a scroll of blinking {unknown}
 k - 2 scrolls of amnesia
 m - a scroll of magic mapping
 p - a scroll of teleportation
 s - a scroll of holy word {unknown}
 t - 4 scrolls of enchant weapon
 u - a scroll of noise {unknown}
Potions
 a - a potion of magic {unknown}
 d - 2 potions of heal wounds
 f - 2 potions of flight
 h - a potion of mutation {unknown}
 o - a potion of cancellation {unknown}
 q - 3 potions of curing {unknown}
 r - 2 potions of berserk rage {unknown}


   Skills:
 - Level 4.1 Fighting
 - Level 3.1 Dodging
 * Level 11.7 Unarmed Combat
 - Level 2.0 Spellcasting
 - Level 6.1 Transmutations
 + Level 3.0 Poison Magic


You had 9 spell levels left.
You knew the following spells:

 Your Spells              Type           Power      Damage    Failure   Level
a - Beastly Appendage     Tmut           50%        N/A       6%          1
b - Spider Form           Tmut/Pois      9%         N/A       21%         3

Your spell library contained the following spells:

 Spells                   Type           Power      Damage    Failure   Level
 Wereblood                Tmut           25%        N/A       8%          2
 Poisonous Vapours        Pois/Air       14%        N/A       32%         2
 Corona                   Hex            1%         N/A       36%         1
 Ensorcelled Hibernation  Hex/Ice        2%         N/A       47%         2
 Mephitic Cloud           Conj/Pois/Air  5%         N/A       54%         3
 Hydra Form               Tmut           12%        N/A       58%         5
 Ice Form                 Ice/Tmut       13%        N/A       65%         4
 Confusing Touch          Hex            1%         N/A       67%         3
 Conjure Flame            Conj/Fire      1%         6-21      67%         3
 Dazzling Flash           Conj/Hex       2%         N/A       67%         3
 Tukima's Dance           Hex            1%         N/A       67%         3
 Freezing Cloud           Conj/Ice/Air   0%         6-21      100%        6


Dungeon Overview and Level Annotations

Branches:
Dungeon (7/15)             Temple (1/1) D:5         Ossuary (visited)

Altars:
Ashenzari
Cheibriados
Dithmenos
Elyvilon
Fedhas
Gozag
Kikubaaqudgha
Makhleb
Nemelex Xobeh
Okawaru
Qazlal
Ru
Sif Muna
Trog
Uskayaw
Wu Jian
Zin
The Shining One


Innate Abilities, Weirdness & Mutations

You are a venomous arachnid creature.
You have poisonous fangs.
You are tiny and dextrous.
Your spellcasting is less reliable in this form.
Your armour is entirely melded.
You are incapable of wielding weapons or throwing items.
You cannot wear most types of armour.
((You are amphibious.))
You can wear up to eight rings at the same time.
((Your skin changes colour to match your surroundings (Stealth+).))
((Your rubbery body absorbs attacks. (AC +1, EV +1)))
((You are camouflaged near water. (Stealth+)))
((You have tentacles for arms and can constrict up to eight enemies at once.))


Message History

Cheibriados appreciates the change of pace.
The manticore flicks its tail.
The volley of spikes misses you.
Unknown command.
Okay, then.
Aiming: Paralyse
Press: ? - help, Shift-Dir - straight line, f - manticore
Aim: a manticore (chance to affect: 28%)
The manticore easily resists.
An orc warrior comes into view. It is wielding a +0 halberd.
You bite the sky beast!
The sky beast is poisoned.
The sky beast is moderately wounded.
The sky beast hits you. The sky beast shocks you.
The orc warrior completely misses you.
You hit the sky beast but do no damage.
The sky beast is moderately wounded.
The sky beast flickers out of sight!
Deactivating autopickup; reactivate with Ctrl-A.
Something hits you. Something shocks you. The orc warrior barely misses you.
As you read the scroll of teleportation, it crumbles to dust.
You feel strangely unstable.
You carefully extract the barbed spikes from your body.
Something closely misses you. The orc warrior barely misses you.
The manticore flicks its tail.
The volley of spikes hits you!
The barbed spikes become lodged in your body.
* * * LOW HITPOINT WARNING * * *
Something hits you but does no damage. The orc warrior closely misses you.
The manticore flicks its tail.
The volley of spikes hits something!
Reactivating autopickup.
You feel a bit more experienced.
Your Poison Magic skill increases to level 3!
The barbs in your skin will harm you if you move.
Continue?
Okay, then.
The orc warrior completely misses you.
The manticore flicks its tail.
The volley of spikes hits you!
The barbed spikes become lodged in your body.
You die...

,,,**,****,,,*#.......##...#.##..
,,**,** **,,,*#♣♣♣♣.#.##...#.###.
*,***,***,***,#.....#..#...#.....
*,* **,**,,,,,#.♣♣♣♣#..#...#.)##.
*,* **,*,*,*,#....)#..#......##.
*,* **,**,*,*,#♣♣♣♣)#..#...#.##..
*,* *,*****,*** ♣...#........#..#
*,* *,* ***,**#♣♣.♣♣#...<...##.##
,,***,***,,,,,#.s...#....[.###.##
,,**,,,***,,,*#)♣♣♣.#............
..*,,,,,,,*Z*.oH♣ *.#....>.......
..**,,,***,..♣#.♣**,#.##.........
>.***,***...,,#..,,,#............
..###################..##........
...........................##..##
......##.................####..#
....................#######....#


You could see a manticore and an orc warrior.

Vanquished Creatures
  A boulder beetle (D:6)
  A cyclops (D:6)
  2 wyverns (D:7)
  Menkaure (D:5)
  3 sky beasts
  2 necrophages
  A centaur (D:7)
  2 ogres (D:4)
  An elf zombie (Ossuary)
  A kobold brigand (D:7)
  2 bullfrogs
  A gnoll sergeant (D:6)
  3 scorpions
  2 wyvern skeletons (D:6)
  A wight (D:7)
  4 howler monkeys
  A gnoll shaman (D:7)
  2 bullfrog skeletons
  A human zombie (Ossuary)
  2 iguanas
  2 mummies (Ossuary)
  A howler monkey skeleton (D:7)
  12 gnolls
  4 adders
  2 shadow imps
  An adder zombie (D:5)
  A worm (D:3)
  A dart slug (D:4)
  4 orcs
  12 ball pythons
  11 bats
  5 endoplasms
  4 giant cockroaches
  7 hobgoblins
  7 jackals
  3 quokkas
  4 frilled lizards
  3 gnoll zombies (Ossuary)
  20 goblins
  5 goblin zombies (Ossuary)
  A hobgoblin zombie (Ossuary)
  5 kobolds
  3 orc zombies (Ossuary)
  6 rats
158 creatures vanquished.

Vanquished Creatures (others)
  2 sky beasts (D:7)
2 creatures vanquished.

Grand Total: 160 creatures vanquished

Notes
Turn   | Place    | Note
-------+----------+-------------------------------------------
     0 | D:1      | Froggeryz the Octopode Transmuter began the quest for the
                  | Orb.
     0 | D:1      | Reached XP level 1. HP: 13/13 MP: 3/3
   191 | D:1      | Found a faded altar of an unknown god.
   276 | D:1      | Reached XP level 2. HP: 18/18 MP: 5/5
   847 | D:1      | Reached XP level 3. HP: 21/23 MP: 6/6
  1170 | D:2      | Reached skill level 4 in Unarmed Combat
  1903 | D:2      | Reached XP level 4. HP: 28/28 MP: 7/7
  2646 | D:3      | Reached XP level 5. HP: 26/33 MP: 6/8
  3354 | D:3      | Found a blossoming altar of Fedhas.
  3462 | D:4      | Found a sparkling altar of Nemelex Xobeh.
  3465 | D:4      | Found a sand-covered staircase.
  3476 | Ossuary  | Entered an ossuary
  3496 | Ossuary  | Reached skill level 5 in Unarmed Combat
  3599 | Ossuary  | Reached XP level 6. HP: 36/39 MP: 7/9
  3745 | D:4      | Reached skill level 6 in Unarmed Combat
  3858 | D:4      | Noticed a necrophage
  3869 | D:4      | Killed a necrophage
  3870 | D:4      | Reached XP level 7. HP: 46/46 MP: 8/10
  4173 | D:5      | Entered Level 5 of the Dungeon
  4173 | D:5      | Noticed Menkaure
  4177 | D:5      | Reached skill level 7 in Unarmed Combat
  4182 | D:5      | Killed Menkaure
  4284 | D:5      | Noticed Eustachio
  4547 | D:5      | Reached XP level 8. HP: 36/54 MP: 11/11
  4625 | D:5      | Reached skill level 8 in Unarmed Combat
  4793 | D:5      | Learned a level 3 spell: Spider Form
  4807 | D:5      | Found a staircase to the Ecumenical Temple.
  4813 | Temple   | Entered the Ecumenical Temple
  4884 | Temple   | Became a worshipper of Cheibriados the Contemplative
  5000 | D:6      | Found a bloodstained altar of Trog.
  5001 | D:6      | Found an opulent altar of Gozag.
  5177 | D:6      | Found a hide-covered altar of Uskayaw.
  5210 | D:6      | Found a sacrificial altar of Ru.
  5238 | D:6      | Reached skill level 9 in Unarmed Combat
  5319 | D:6      | Noticed a shadow
  5341 | D:5      | Identified a scroll of acquirement
  5341 | D:5      | Acquired 796 gold pieces
  5432 | D:6      | Noticed a cyclops
  5438 | D:6      | Noticed a boulder beetle
  5442 | D:6      | Killed a cyclops
  5443 | D:6      | Reached XP level 9. HP: 51/58 MP: 9/12
  5453 | D:6      | Killed a boulder beetle
  5454 | D:6      | Reached skill level 10 in Unarmed Combat
  5454 | D:6      | Reached skill level 5 in Transmutations
  5466 | D:6      | Found a glowing silver altar of Zin.
  5510 | D:6      | Found a white marble altar of Elyvilon.
  5513 | D:6      | Found a glowing golden altar of the Shining One.
  5781 | D:7      | Reached * piety under Cheibriados
  5813 | D:7      | Reached skill level 11 in Unarmed Combat
  5999 | D:7      | Reached skill level 1 in Poison Magic
  6003 | D:7      | Noticed a manticore
  6041 | D:7      | Reached XP level 10. HP: 43/63 MP: 9/13
  6056 | D:7      | Killed from afar by a manticore

Illustrated notes

Levels and vault maps discovered:
D:1:      minmay_arrival_three_doors, layout_basic,
          hellmonk_ecumenical_altar_crossroads
D:2:      kennysheep_the_goblin_king, layout_loops_ring, minivault_19,
          minmay_pentomino_pile
D:3:      layout_basic, lemuel_coloured_pillars_altar
D:4:      layout_cave_pools, nemelex_xobeh_ov_fountains_minmay,
          nicolae_ossuary_entry_ruins, serial_column_ruins,
          column_ruins_open_small, column_ruins_grid_1,
          column_ruins_open_medium, column_ruins_grid_3, abandoned_shop,
          serial_bayou_pond_e
D:5:      layout_rooms, minmay_temple_entry_nine_rooms, minmay_holes,
          uniq_eustachio, uniq_menkaure
D:6:      layout_rooms, good_gods_mini_temple, nicolae_uskayaw_dance_hall,
          gammafunk_temple_overflow_claw, minmay_manual_monstrance
D:7:      nzn_winding_woodlands_medium [nzn_winding_woodlands_5x5_cross,
          nzn_winding_woodlands_5x15_sidewinder,
          nzn_winding_woodlands_5x5_perimeter,
          nzn_winding_woodlands_5x5_open_star,
          nzn_winding_woodlands_center_pierced_h,
          nzn_winding_woodlands_hourglass, nzn_winding_woodlands_5x5_three,
          nzn_winding_woodlands_5x15_crooked,
          nzn_winding_woodlands_5x5_default], layout_rooms,
          yredelemnul_altar_generic, marbit_many_paths
Temple:   compressed_dpeg_triangle_lava_temple

Skill      XL: |  1  2  3  4  5  6  7  8  9 10 |
---------------+-------------------------------+-----
Unarmed Combat | 4 5 6 7 9 11 | 11.7
Dodging        | 3 |  3.1
Fighting       | 2 3 4 |  4.1
Transmutations | 4 6 |  6.1
Poison Magic   | 2 3 |  3.0
Spellcasting   | |  2.0

Action                   |  1- 3 |  4- 6 |  7- 9 | 10-12 || total
-------------------------+-------+-------+-------+-------++-------
Melee: Unarmed           |   106 |   148 |   218 |    11 ||   483
       Constrict         |    26 |    36 |    21 |       ||    83
       Tentacles         |    18 |    24 |    35 |       ||    77
       Punch             |     5 |     5 |     8 |       ||    18
       Kick              |     4 |    27 |    16 |       ||    47
 Cast: Beastly Appendage |     3 |    11 |    12 |       ||    26
       Spider Form       |       |       |     9 |       ||     9
Evoke: Wand              |       |     3 |       |     1 ||     4
  Use: Scroll            |       |       |     8 |     1 ||     9
       Potion            |       |       |     3 |       ||     3
 Stab: Sleeping          |    11 |     3 |     6 |       ||    20
       Distracted        |       |     1 |       |       ||     1
Armor: Skin              |    11 |     7 |     7 |     1 ||    26
Dodge: Dodged            |    68 |    71 |   168 |    14 ||   321

Table legend: (Time is in decaauts)
 A = Elapsed time spent in this place.
 B = Non-inter-level travel time spent in this place.
 C = Inter-level travel time spent in this place.
 D = Time resting spent in this place.
 E = Time spent auto-exploring this place.
 F = Levels seen in this place.
 G = Mean time per level.
                   A        B        C        D        E       F      G
               +--------+--------+--------+--------+--------+-----+--------+
         Total |   6246 |   6027 |    219 |    508 |   4095 |   9 |  694.0 |
       Dungeon |   5953 |   5747 |    206 |    502 |   3961 |   7 |  850.4 |
        Temple |     85 |     73 |     12 |      0 |     67 |   1 |   85.0 |
       Ossuary |    207 |    207 |      0 |      6 |     67 |   1 |  207.0 |
               +--------+--------+--------+--------+--------+-----+--------+

Top non-repeatable levels by time:
     D:3: 1335 daAuts
     D:2: 1105 daAuts
     D:1: 1007 daAuts
     D:6: 863 daAuts
     D:5: 704 daAuts
     D:4: 562 daAuts
     D:7: 374 daAuts
 Ossuary: 207 daAuts
  Temple: 85 daAuts
